 Dungeon Crawl Stone Soup version 0.23.1-37-gaa34b87 (webtiles) character file.

Game seed: 15299380232204835269

1262 Fang the Skirmisher (level 8, -2/78 HPs)
             Began as a Gargoyle Berserker on Mar 22, 2019.
             Was an Elder of Trog.
             Slain by a killer bee (3 damage)
             ... on level 7 of the Dungeon.
             The game lasted 00:06:42 (4249 turns).

Fang the Skirmisher (Gargoyle Berserker)            Turns: 4249, Time: 00:06:43

Health: -2/78      AC: 21    Str: 29    XL:     8   Next: 52%
Magic:  0/8        EV: 10    Int:  7    God:    Trog [****..]
Gold:   269        SH:  0    Dex:  9    Spells: 7/7 levels left

rFire    . . .     SeeInvis .   t - +0 war axe
rCold    . . .     Gourm    .   (no shield)
rNeg     + . .     Faith    .   q - +3 chain mail {rPois}
rPois    ∞         Spirit   +   (no helmet)
rElec    +         Reflect  .   (no cloak)
rCorr    .         Harm     .   (no gloves)
MR       .....                  (no boots)
Stlth    ..........             r - amulet of guardian spirit
HPRegen  0.23/turn              p - +3 ring of protection
MPRegen  0.11/turn              (no ring)

@: berserking (expiring), very quick
A: negative energy resistance 1, electricity resistance, unbreathing,
petrification resistance, rot immunity, AC +5
a: Berserk, Trog's Hand, Brothers in Arms, Renounce Religion


You were on level 7 of the Dungeon.
You worshipped Trog.
Trog was greatly pleased with you.
You were very hungry.

You visited 1 branch of the dungeon, and saw 6 of its levels.

You collected 269 gold pieces.

Inventory:

Hand Weapons
 t - a +0 war axe (weapon)
Armour
 q - a +3 chain mail of poison resistance (worn)
Jewellery
 a - a cursed ring of teleportation {unknown}
 p - a +3 ring of protection (left hand)
 r - an amulet of guardian spirit (around neck)
 v - an uncursed ring of magical power
Wands
 b - a wand of polymorph (7)
 s - a wand of iceblast (5)
 y - a wand of flame (25)
Scrolls
 d - 5 scrolls of identify {unknown}
 e - 2 scrolls of teleportation {unknown}
 f - 2 scrolls of remove curse {unknown}
 g - a scroll of immolation {unknown}
 h - 4 scrolls of magic mapping {unknown}
 k - a scroll of enchant weapon {unknown}
 n - 2 scrolls of amnesia {unknown}
 u - 2 scrolls of enchant armour {unknown}
 x - a scroll of fog {unknown}
 z - a scroll of blinking {unknown}
Potions
 i - 2 potions of heal wounds {unknown}
 j - 2 potions of degeneration {unknown}
 l - a potion of flight {unknown}
 m - a potion of curing {unknown}
 o - a potion of agility {unknown}
 w - a potion of brilliance {unknown}
Comestibles
 c - 8 rations
 A - 5 chunks of flesh


   Skills:
 + Level 6.4 Fighting
 + Level 5.3 Axes
 + Level 5.8 Armour
 + Level 4.4 Dodging


You had 7 spell levels left.
You didn't know any spells.
Your spell library was empty.

Dungeon Overview and Level Annotations

Branches:
Dungeon (5/15)
 Temple: D:4-7

Altars:
Dithmenos
Hepliaklqana
Ru

Annotations:
D:3 1 runed translucent door


Innate Abilities, Weirdness & Mutations

You are resistant to torment.
Your stone body is resilient. (AC +5)
You are immune to poison.
You resist negative energy. (rN+)
You are resistant to electric shocks. (rElec)
You can survive without breathing.
You are immune to petrification.
You are immune to rotting.


Message History

The killer bee barely misses you.
The killer bee stings you but does no damage.
You see here a killer bee corpse.
You closely miss the killer bee.
The killer bee is severely wounded.
You slash the killer bee!
The killer bee stings you but does no damage. x2
The killer bee misses you. The killer bee stings you.
* * * LOW HITPOINT WARNING * * *
You miss the killer bee.
The killer bee is severely wounded.
You miss the killer bee. The killer bee barely misses you.
The killer bee misses you. The killer bee closely misses you.
You slash the killer bee!
You kill the killer bee!
Trog accepts your kill.
You miss the killer bee. The killer bee closely misses you.
The killer bee misses you. The killer bee stings you.
You die...

#...#+#####.#
#####.##............
#........##...##.###
#.........#...##.###
#.........#...##....
#..?......#...##....
#........##.........
#..y.....###.#.#.###
#..@†...$###.#.#....
##.#†..###..........
#.#...+.)..........
#.#...#.#####.#####
#.##### ####......
#######.#####. #...####.#
#..........(..##.......P.
##.####.########.†[†♣≈≈≈.
#.# #........'....≈≈≈≈≈


You could see a killer bee.

Vanquished Creatures
  A hornet (D:7)
  3 sky beasts
  The ghost of Anandil the Ducker, an amateur GnMo (D:3)
  A bullfrog (D:2)
  4 killer bees (D:7)
  2 hounds (D:4)
  2 orc priests (D:4)
  An orc wizard (D:4)
  3 worker ants
  4 gnolls (D:4)
  7 adders
  2 oozes (D:4)
  An adder skeleton (D:4)
  2 worms (D:3)
  2 dart slugs (D:1)
  3 leopard geckos
  22 orcs
  A ball python (D:1)
  2 giant cockroaches
  12 goblins
  7 hobgoblins
  7 jackals (D:3)
  3 quokkas
  10 bats
  4 frilled lizards
  A giant cockroach zombie (D:5)
  3 jackal skeletons
  8 kobolds
  12 rats
131 creatures vanquished.

Notes
Turn   | Place    | Note
-------+----------+-------------------------------------------
     0 | D:1      | Fang the Gargoyle Berserker began the quest for the Orb.
     0 | D:1      | Reached XP level 1. HP: 14/14 MP: 1/1
    66 | D:1      | Reached XP level 2. HP: 10/19 MP: 2/2
   442 | D:1      | Reached XP level 3. HP: 17/23 MP: 3/3
   487 | D:1      | Reached ** piety under Trog
   954 | D:2      | Found a sacrificial altar of Ru.
   989 | D:2      | Reached XP level 4. HP: 29/29 MP: 4/4
  1097 | D:2      | Noticed a bullfrog
  1106 | D:2      | Found a shadowy altar of Dithmenos.
  1116 | D:2      | Killed a bullfrog
  1116 | D:2      | Reached skill level 4 in Fighting
  1116 | D:2      | Reached XP level 5. HP: 14/33 MP: 5/5
  1791 | D:3      | Found a runed translucent door.
  1815 | D:3      | Noticed Anandil's ghost (amateur GnMo)
  2193 | D:3      | Found a runed translucent door.
  2408 | D:3      | Found a faded altar of an unknown god.
  2437 | D:3      | Reached *** piety under Trog
  2804 | D:3      | Killed Anandil's ghost
  2804 | D:3      | Reached XP level 6. HP: 39/39 MP: 6/6
  3124 | D:4      | Reached skill level 5 in Fighting
  3128 | D:4      | Reached XP level 7. HP: 39/44 MP: 7/7
  3230 | D:4      | Reached **** piety under Trog
  3653 | D:5      | Entered Level 5 of the Dungeon
  3733 | D:5      | Reached skill level 5 in Armour
  4064 | D:5      | Found a hazy altar of Hepliaklqana.
  4077 | D:5      | You fall through a shaft for 2 floors!
  4099 | D:7      | Noticed a hornet
  4118 | D:7      | Killed a hornet
  4118 | D:7      | Reached skill level 6 in Fighting
  4118 | D:7      | Reached skill level 5 in Axes
  4118 | D:7      | Reached XP level 8. HP: 38/51 MP: 3/8
  4246 | D:7      | HP: 1/78 [killer bee (4)]
  4249 | D:7      | Slain by a killer bee

Skill      XL: |  1  2  3  4  5  6  7 |
---------------+----------------------+-----
Axes           | 3 4 5 |  5.3
Dodging        | 2 3 4 |  4.4
Fighting       | 4 5 6 |  6.4
Armour         | 3 4 5 |  5.8

Action                   |  1- 3 |  4- 6 |  7- 9 || total
-------------------------+-------+-------+-------++-------
Melee: Hand axe          |   115 |   221 |    11 ||   347
       War axe           |       |       |   123 ||   123
Invok: Berserk           |       |     2 |     3 ||     5
 Stab: Sleeping          |     1 |       |       ||     1
  Eat: Chunk             |       |     9 |     6 ||    15
Armor: Animal skin       |    47 |    21 |       ||    68
       Chain mail        |       |   168 |   188 ||   356
Dodge: Dodged            |    86 |   140 |   115 ||   341
